 Dungeon Sprint DCSS version 0.28-a0-1236-gb25a51b929 (webtiles) character file.

Game seed: 16968028649543357087

1293 rocky1 the Frost Mage (level 8, -1/64 HPs)
             Began as a Green Draconian Ice Elementalist on Dec 26, 2021.
             Was a High Priest of Sif Muna.
             Slain by a freezing wraith (19 damage)
             ... in the Dungeon (Sprint VII: "The Pits").
             The game lasted 00:11:26 (2318 turns).

rocky1 the Frost Mage (DrIE)                        Turns: 2318, Time: 00:11:28

Health: -1/64      AC:  8    Str: 11    XL:     8   Next: 30%
Magic:  15/18      EV: 14    Int: 18    God:    Sif Muna [*****.]
Gold:   0          SH:  0    Dex: 11    Spells: 4/20 levels left

rFire   . . .      SeeInvis .   q - +2 halberd (venom)
rCold   . . .      Faith    .   (shield currently unavailable)
rNeg    . . .      Spirit   .   (armour unavailable)
rPois   +          Reflect  .   (helmet restricted)
rElec   .          Harm     .   t - +0 cloak
rCorr   .          Rampage  .   (no gloves)
Will    .....      NoTele   +   s - +0 pair of boots
Stlth   ++........              (no amulet)
HPRegen 0.20/turn               (no ring)
MPRegen 0.16/turn               (no ring)

@: freezing walls, hasted, very quick
A: breathe noxious fumes, AC +6, unfitting armour, poison resistance,
cold-blooded, no potion heal 1, noise suppression
a: Breathe Noxious Fumes, Renounce Religion, Channel Magic, Forget Spell, Divine
Exegesis


You were in the Dungeon.
You worshipped Sif Muna.
Sif Muna was extremely pleased with you.
You visited 1 branch

Inventory:

Hand Weapons
 g - a +2 quarterstaff
 h - a +2 long sword of holy wrath
 l - a +2 vorpal trident
 q - a +2 halberd of venom (weapon)
 r - a +0 lajatang
 u - a +2 scimitar of holy wrath
 v - a +2 morningstar of protection
Armour
 s - a +0 pair of boots (worn)
 t - a +0 cloak (worn)
Jewellery
 e - a +3 ring of intelligence
 m - a +3 ring of intelligence
Scrolls
 f - a scroll of blinking
 j - 5 scrolls of amnesia
 k - a scroll of summoning
Potions
 a - 7 potions of curing
 b - 3 potions of heal wounds
 d - 4 potions of magic
 i - a potion of invisibility
 n - a potion of berserk rage
 o - 2 potions of brilliance
 p - 2 potions of might


   Skills:
 - Level 3.6 Fighting
 - Level 7.0 Polearms
 + Level 7.5 Dodging
 - Level 1.7 Stealth
 + Level 6.7 Spellcasting
 + Level 3.1 Conjurations
 + Level 3.0 Hexes
 + Level 10.4 Ice Magic
 + Level 7.7 Invocations


You had 4 spell levels left.
You knew the following spells:

 Your Spells              Type           Power      Damage    Failure   Level
a - Freeze                Ice            100%       1d11      1%          1
b - Frozen Ramparts       Ice            86%        1d10      1%          3
c - Ozocubu's Armour      Ice            43%        N/A       1%          3
d - Hailstorm             Conj/Ice       30%        3d8       7%          4
e - Metabolic Englaciati  Hex/Ice        15%        N/A       19%         5

Your spell library contained the following spells:

 Spells                   Type           Power      Damage    Failure   Level
 Pain                     Necr           24%        1d5       11%         1
 Corpse Rot               Necr/Air       12%        N/A       17%         2
 Petrify                  Tmut/Erth      6%         N/A       73%         4
 Simulacrum               Ice/Necr       12%        N/A       90%         6
 Death Channel            Necr           3%         N/A       100%        6
 Infestation              Necr           3%         N/A       100%        8


Dungeon Overview and Level Annotations

Branches:
Dungeon (1/1)

Altars:
Ashenzari
Cheibriados
Dithmenos
Elyvilon
Fedhas
Gozag
Hepliaklqana
Kikubaaqudgha
Makhleb
Nemelex Xobeh
Okawaru
Qazlal
Ru
Sif Muna
Trog
Uskayaw
Vehumet
Wu Jian
Xom
Yredelemnul
Zin
The Shining One
Beogh
Jiyva
Lugonu


Innate Abilities, Weirdness & Mutations

You can breathe blasts of noxious fumes.
Your lurid green scales are hard. (AC +6)
You cannot fit into any form of body armour.
Your system is resistant to poisons. (rPois)
You are cold-blooded and may be slowed by cold attacks.
Potions are less effective at restoring your health.
You passively dampen the noise of your surroundings.


Message History

Unknown command.
Your system partially rejects the healing.
You feel much better. Something hits you. Something hits you!
* * * LOW HITPOINT WARNING * * *
Unknown command.
You closely miss something. You tail-slap something.
Something hits you but does no damage. Something hits you.
* * * LOW HITPOINT WARNING * * *
Something hits you!
* * * LOW HITPOINT WARNING * * *
Unknown command.
Your system partially rejects the healing.
You feel much better. Something barely misses you. Something hits you.
* * * LOW HITPOINT WARNING * * *
You feel yourself speed up.
Unknown command.
Your system partially rejects the healing.
You feel much better.
Unknown command.
Okay, then.
Unknown command.
Casting: Hailstorm (dangerous; 7% risk of failure)
Confirm with . or Enter, or press ? or * to list all spells.
Casting: Frozen Ramparts (safe; 1% risk of failure)
Press: ? - help, Dir - look around, f - activate The walls around you are covered in ice.
The wall freezes something.
The freezing wraith completely resists.
The wall freezes the freezing wraith but does no damage.
The freezing wraith hits you but does no damage.
The freezing wraith completely misses you.
The wall freezes something.
You barely miss the freezing wraith.
The wall freezes something. x2
You hit the freezing wraith.
The freezing wraith is lightly damaged.
The wall freezes something.
The freezing wraith completely resists.
The wall freezes the freezing wraith but does no damage.
The freezing wraith hits you.
* * * LOW HITPOINT WARNING * * *
The freezing wraith freezes you!!
You die...

############ #_________.#
#_________.#
#_______...###########++#
##########'##............
#.?(.').)'.##......#..#..
##########.##............
#.......@W{.'............
#'#####'#####......#..#..
#.#..#..#[[##............
#.#..'..#))#####'#####++#
#.#..####.)##.......#
#.#..#..#))##.......#
#.#..#..#..##.......#
#.##'#.)#'###...<...#
#.#........##.......#


You could see a freezing wraith.

Vanquished Creatures
  An eye of devastation (D)
  An ice devil (D)
  A shadow (D)
  A floating eye (D)
  An ice beast (D)
  An ogre (D)
  A phantom (D)
  A gnoll sergeant (D)
  A jelly (D)
  A gnoll shaman (D)
  A hound (D)
  An orc wizard (D)
  5 gnolls (D)
  An adder (D)
  An ufetubus (D)
  2 orcs (D)
  2 endoplasms (D)
  A hobgoblin (D)
  4 jackals (D)
  A quokka (D)
  3 frilled lizards (D)
32 creatures vanquished.

Notes
Turn   | Place    | Note
-------+----------+-------------------------------------------
     0 | D        | rocky1 the Draconian Ice Elementalist began the quest for
                  | the Orb.
     0 | D        | Reached XP level 1. HP: 14/14 MP: 3/3
    47 | D        | Found a bloodstained altar of Trog.
    47 | D        | Found a shimmering blue altar of Sif Muna.
    47 | D        | Found a viscous altar of Jiyva.
    47 | D        | Found a hazy altar of Hepliaklqana.
    47 | D        | Found an opulent altar of Gozag.
    48 | D        | Found a glowing golden altar of the Shining One.
    48 | D        | Found a glowing silver altar of Zin.
    48 | D        | Found a basalt altar of Yredelemnul.
    48 | D        | Found a shimmering altar of Xom.
    48 | D        | Found an ornate altar of the Wu Jian Council.
    48 | D        | Found a sacrificial altar of Ru.
    48 | D        | Found a stormy altar of Qazlal.
    48 | D        | Found an iron altar of Okawaru.
    48 | D        | Found a sparkling altar of Nemelex Xobeh.
    48 | D        | Found a burning altar of Makhleb.
    48 | D        | Found a blossoming altar of Fedhas.
    48 | D        | Found a white marble altar of Elyvilon.
    48 | D        | Found a shadowy altar of Dithmenos.
    48 | D        | Found a snail-covered altar of Cheibriados.
    50 | D        | Found a radiant altar of Vehumet.
    50 | D        | Found a corrupted altar of Lugonu.
    51 | D        | Found a hide-covered altar of Uskayaw.
    51 | D        | Found an ancient bone altar of Kikubaaqudgha.
    51 | D        | Found a broken altar of Ashenzari.
    59 | D        | Became a worshipper of Sif Muna the Loreminder
    80 | D        | Reached skill level 6 in Ice Magic
    80 | D        | Reached XP level 2. HP: 7/20 MP: 5/5
   552 | D        | Reached * piety under Sif Muna
   823 | D        | Noticed a floating eye
   830 | D        | Paralysed by a floating eye for 2 turns
   832 | D        | Reached ** piety under Sif Muna
   838 | D        | Killed a floating eye
   839 | D        | Reached skill level 7 in Ice Magic
   839 | D        | Reached XP level 3. HP: 26/31 MP: 2/8
   839 | D        | Reached XP level 4. HP: 33/39 MP: 2/9
   841 | D        | Noticed an ogre
   847 | D        | Killed an ogre
   848 | D        | Reached skill level 8 in Ice Magic
   848 | D        | Reached XP level 5. HP: 42/45 MP: 3/11
  1056 | D        | Learned a level 3 spell: Frozen Ramparts
  1060 | D        | Learned a level 3 spell: Ozocubu's Armour
  1114 | D        | Noticed an ice beast
  1115 | D        | Noticed a phantom
  1123 | D        | Reached *** piety under Sif Muna
  1136 | D        | Killed an ice beast
  1137 | D        | Reached skill level 5 in Polearms
  1137 | D        | Reached skill level 5 in Dodging
  1137 | D        | Reached skill level 5 in Spellcasting
  1137 | D        | Reached XP level 6. HP: 34/51 MP: 8/14
  1150 | D        | Reached **** piety under Sif Muna
  1425 | D        | Reached skill level 9 in Ice Magic
  1425 | D        | Reached skill level 5 in Invocations
  1655 | D        | Noticed an ice devil
  1669 | D        | Killed an ice devil
  1670 | D        | Your scales start taking on a lurid green colour.
  1670 | D        | Reached XP level 7. HP: 57/57 MP: 10/15
  1670 | D        | Gained mutation: Your system is resistant to poisons.
                  | (rPois) [Green Draconian growth]
  1828 | D        | Reached ***** piety under Sif Muna
  1831 | D        | Received a gift from Sif Muna
  1999 | D        | Learned a level 4 spell: Hailstorm
  2005 | D        | Learned a level 5 spell: Metabolic Englaciation
  2005 | D        | Noticed an eye of devastation
  2005 | D        | Noticed a shadow
  2019 | D        | Killed an eye of devastation
  2019 | D        | Received a gift from Sif Muna
  2020 | D        | Reached skill level 10 in Ice Magic
  2020 | D        | Reached XP level 8. HP: 62/64 MP: 2/17
  2030 | D        | Got Sif Muna's Tome of the Ghastly Rocks {god gift}
  2171 | D        | Gained mutation: Potions are less effective at restoring
                  | your health. [potion of mutation]
  2171 | D        | Gained mutation: You passively dampen the noise of your
                  | surroundings. [potion of mutation]
  2283 | D        | Noticed a freezing wraith
  2312 | D        | HP: 3/64 [something (9)]
  2318 | D        | Slain by a freezing wraith

Illustrated notes

Levels and vault maps discovered:
D:        pitsprint [storerooms_1, entrance_room_1, metal_vault_4, armoury_1,
          mini_pit_1, grid_room_1, main_hall_1, silver_pit, the_coven_3,
          the_vestibule_1, steel_vault_5, golden_pit, hallway_of_sentries,
          crystal_vault_1, iron_vault_1, final_vault]

Skill      XL: |  1  2  3  4  5  6  7  8 |
---------------+-------------------------+-----
Ice Magic      | 6 7 8 9 10 | 10.4
Fighting       | 3 |  3.6
Polearms       | 3 4 5 6 7 |  7.0
Dodging        | 3 4 5 6 7 |  7.5
Spellcasting   | 3 4 5 6 |  6.7
Invocations    | 2 4 6 7 |  7.7
Conjurations   | 2 3 |  3.1
Hexes          | 2 3 |  3.0
Stealth        | |  1.7

Action                   |  1- 3 |  4- 6 |  7- 9 || total
-------------------------+-------+-------+-------++-------
Melee: Trident           |    15 |    49 |    25 ||    89
       Tailslap          |     1 |     5 |     5 ||    11
       Halberd           |       |       |     3 ||     3
 Cast: Freeze            |     8 |     4 |       ||    12
       Frozen Ramparts   |       |     2 |     2 ||     4
       Ozocubu's Armour  |       |     2 |     1 ||     3
       Hailstorm         |       |       |     1 ||     1
 Abil: Breathe Noxious F |       |       |     2 ||     2
  Use: Potion            |       |     2 |     9 ||    11
 Stab: Invisible         |       |       |     3 ||     3
Armor: Skin              |     4 |    16 |    11 ||    31
Dodge: Dodged            |    13 |    29 |    16 ||    58

Table legend: (Time is in decaauts)
 A = Elapsed time spent in this place.
 B = Non-inter-level travel time spent in this place.
 C = Inter-level travel time spent in this place.
 D = Time resting spent in this place.
 E = Time spent auto-exploring this place.
 F = Levels seen in this place.
 G = Mean time per level.
                   A        B        C        D        E       F      G
               +--------+--------+--------+--------+--------+-----+--------+
         Total |   2353 |   2294 |     59 |   1826 |      0 |   1 | 2353.0 |
       Dungeon |   2353 |   2294 |     59 |   1826 |      0 |   1 | 2353.0 |
               +--------+--------+--------+--------+--------+-----+--------+

Top non-repeatable levels by time:
       D: 2353 daAuts
